 Seeded DCSS version 0.30.1-9-gdf580d7c3d (webtiles) character file.

Game seed: 9522609523536366061 (custom seed)

5138 Psyclone the Destroyer (level 10, -7/50 HPs)
             Began as a Deep Elf Conjurer on Oct 1, 2023.
             Was an Initiate of Gozag.
             Mangled by an orc warrior
             ... wielding a +0 war axe
              (13 damage)
             ... in a bailey.
             The game lasted 00:26:37 (11599 turns).

Psyclone the Destroyer (Deep Elf Conjurer)         Turns: 11599, Time: 00:26:38

Health: -7/50      AC:  6    Str:  4    XL:     10   Next: 33%
Magic:  14/36      EV: 12    Int: 28    God:    Gozag
Gold:   772        SH:  0    Dex: 13    Spells: 7/31 levels left

rFire   . . .        l - +3 spear
rCold   . . .        (no shield)
rNeg    + . .        a - +0 robe
rPois   .            k - +2 helmet
rElec   .            p - +0 cloak
rCorr   .            (no gloves)
SInv    .            (no boots)
Will    +....        (no amulet)
Stlth   ++           t - ring of positive energy
HPRegen 0.28/turn    z - ring of magical power
MPRegen 0.25/turn

%: no passive effects
@: marked, gold aura
A: no striking features
a: Renounce Religion, Potion Petition, Call Merchant, Bribe Branch


You were in a bailey.
You worshipped Gozag.
Gozag was pleased with you.
You visited 2 branches of the dungeon, and saw 10 of its levels.
You also visited: Bailey.

You collected 1288 gold pieces.
You spent 418 gold pieces at shops.
You paid 98 gold pieces to Gozag.

Inventory:

Hand Weapons
 l - a +3 spear (weapon)
Missiles
 d - 3 boomerangs of dispersal
Armour
 a - a +0 robe (worn)
 k - a +2 helmet (worn)
 p - a +0 cloak (worn)
Magical Staves
 i - a staff of fire
Jewellery
 e - a ring of protection from fire
 q - an amulet of faith
 t - a ring of positive energy (left hand)
 z - a ring of magical power (right hand)
Wands
 h - a wand of charming (12)
 r - a wand of mindburst (11)
 B - a wand of flame (32)
Scrolls
 f - 2 scrolls of teleportation
 n - a scroll of enchant armour
 o - 2 scrolls of fog
 s - 3 scrolls of magic mapping
 v - 2 scrolls of enchant weapon
 w - 2 scrolls of blinking
 y - 3 scrolls of noise {unknown}
 D - 2 scrolls of fear
 H - a scroll of summoning {unknown}
Potions
 b - 2 potions of magic
 c - a potion of lignification
 g - a potion of heal wounds
 j - 5 potions of curing
 m - 2 potions of berserk rage
 u - 2 potions of haste
 x - a potion of brilliance
 A - a potion of mutation {unknown}
 E - a potion of resistance {unknown}
 F - a potion of degeneration {unknown}
 G - a potion of might


   Skills:
 - Level 2.4 Dodging
 - Level 2.4 Stealth
 - Level 11.1 Spellcasting
 - Level 13.3 Conjurations
 + Level 5.0 Hexes
 + Level 3.7 Air Magic


You had 7 spell levels left.
You knew the following spells:

 Your Spells              Type           Power      Damage    Failure   Level
a - Magic Dart            Conj           100%       1d8       0%          1
b - Searing Ray           Conj           100%       2d8       1%          2
c - Dazzling Flash        Conj/Hex       100%       N/A       1%          3
d - Fulminant Prism       Conj/Hex       30%        3d16      1%          4
e - Iskenderun's Mystic   Conj/Tloc      52%        2d11      2%          4
f - Passwall              Tmut/Erth      12%        N/A       5%          2
g - Arcjolt               Conj/Air       29%        1d39      3%          5
r - Swiftness             Air            36%        N/A       2%          3

Your spell library contained the following spells:

 Spells                   Type           Power      Damage    Failure   Level
 Slow                     Hex            100%       N/A       1%          1
 Ensorcelled Hibernation  Hex/Ice        58%        N/A       1%          2
 Confusing Touch          Hex            43%        N/A       1%          3
 Summon Small Mammal      Summ           60%        N/A       3%          1
 Summon Guardian Golem    Hex/Summ       29%        N/A       3%          3
 Vhi's Electric Charge    Tloc/Air       52%        N/A       4%          3
 Sublimation of Blood     Necr           15%        N/A       5%          2
 Wereblood                Tmut           15%        N/A       5%          2
 Call Canine Familiar     Summ           15%        N/A       11%         3
 Gell's Gravitas          Tloc           15%        N/A       11%         3
 Teleport Other           Tloc           15%        N/A       11%         3
 Vampiric Draining        Necr           15%        2d7       11%         3
 Manifold Assault         Tloc           15%        N/A       34%         4
 Dispersal                Tloc           7%         N/A       99%         6
 Summon Hydra             Summ           7%         N/A       100%        7
 Disjunction              Tloc           7%         N/A       100%        8
 Maxwell's Capacitive Co  Air            18%        ∞         100%        8


Dungeon Overview and Level Annotations

Branches:
Dungeon (9/15) Zot: 26764  Temple (1/1) D:5 Zot: 5962  Bailey (1/1) Zot: 5733
   Lair: D:8-11         Orc: D:9-12

Altars:
Ashenzari
Cheibriados
Dithmenos
Elyvilon
Fedhas
Gozag
Hepliaklqana
Kikubaaqudgha
Makhleb
Nemelex Xobeh
Okawaru
Qazlal
Ru
Sif Muna
Trog
Uskayaw
Vehumet
Wu Jian
Xom
Yredelemnul
Zin
The Shining One

Shops:
D:1 :*   D:4 ?

Annotations:
D:6 2 transporters
D:7 3 runed translucent doors, riellis1's ghost, novice FoHu
Temple 2 transporters


Message History

The searing ray misses the orc warrior. (Press . to maintain the ray.)
The orc warrior hits you with a +0 broad axe.
You take 4 damage, and have 27/50 hp.
You now have 20/36 mp.
The searing ray hits the orc warrior!
The orc warrior is almost dead.
The searing ray hits the orc warrior but does no damage.
The orc warrior hits you with a +0 broad axe!
You take 11 damage, and have 16/50 hp.
MASSIVE DAMAGE!!
You now have 19/36 mp.
The searing ray hits the orc warrior!
You kill the orc warrior!
The searing ray hits the orc warrior but does no damage.
Your Hexes skill increases to level 5!
You now have 18/36 mp.
The searing ray hits the orc warrior.
The orc warrior is moderately wounded.
You finish channelling your searing ray.
The orc warrior hits you with a +0 war axe.
* * * LOW HITPOINT WARNING * * *
You take 1 damage, and have 15/50 hp.
You now have 17/36 mp.
Casting: Searing Ray (safe; 1% risk of failure)
Confirm with . or Enter, or press ? or * to list all spells.
Aiming: Searing Ray (safe; 1% risk of failure)
Press: ? - help, Shift-Dir - straight line, f - orc warrior
Aim: an orc warrior, wielding a +0 war axe and wearing a +0 chain mail (moderately wounded, 81% to hit)
The searing ray hits the orc warrior.
The orc warrior is moderately wounded. (Press . to maintain the ray.)
The orc warrior closely misses you.
You now have 16/36 mp.
The searing ray hits the orc warrior.
The orc warrior is heavily wounded.
The orc warrior hits you with a +0 war axe!
* * * LOW HITPOINT WARNING * * *
You take 10 damage, and have 5/50 hp.
You now have 15/36 mp.
The searing ray hits the orc warrior but does no damage.
The orc warrior is heavily wounded.
The orc warrior hits you with a +0 war axe!
You die...
Your body crumbles into a pile of gold.

#.............####
##~≈≈≈≈≈≈≈≈..).....###
##≈≈≈≈≈≈≈≈≈≈≈≈≈~.(.....##
≈≈≈≈#########≈≈≈≈≈......##
≈≈≈K#..KKoo.#∩≈≈≈≈≈≈~....##
≈##
#....Ko.####((≈~≈≈≈≈≈≈≈# .#
####'####..#.)(..≈≈≈≈≈≈≈ ##
.......$###).....####
###$$o@#(....###
#.$###.......#
#..#....⌠..... #####
##'#.........##
....#########...........##
...........).........####
########.############# #.#
.##


You could see an orc warrior.

Vanquished Creatures
  Pikel (D:7)
  Joseph (D:7)
  Prince Ribbit (D:7)
  A wraith (D:8)
  3 wyverns
  2 water moccasins
  An acid dragon (D:8)
  Duvessa (D:7)
  4 orc warriors
  An ice beast (D:5)
  An ogre (D:6)
  A centaur (D:9)
  A lemure (D:7)
  A phantom (D:3)
  2 kobold brigands
  A bullfrog (D:7)
  2 gnoll sergeants (D:6)
  2 scorpions
  3 wights (D:3)
  Dowan (D:7)
  3 jellies
  17 killer bees
  2 howler monkeys (D:4)
  7 hounds
  A sleepcap (D:5)
  A gnoll bouda (D:6)
  An orc priest (D:8)
  An iguana (D:4)
  5 orc wizards
  13 adders
  17 gnolls
  A shadow imp (D:5)
  3 white imps
  4 worms
  23 orcs
  9 ball pythons
  6 endoplasms
  3 giant cockroaches
  14 goblins
  11 hobgoblins
  6 jackals
  29 kobolds
  5 quokkas
  5 bats
  6 frilled lizards
  6 rats
230 creatures vanquished.

Vanquished Creatures (others)
  7 fulminant prisms
7 creatures vanquished.

Grand Total: 237 creatures vanquished

Notes
Turn   | Place    | Note
-------+----------+-------------------------------------------
     0 | D:1      | Psyclone the Deep Elf Conjurer began the quest for the Orb.
     0 | D:1      | Reached XP level 1. HP: 10/10 MP: 6/6
   328 | D:1      | Found Jeifeg's Assorted Antiques.
   334 | D:1      | Reached XP level 2. HP: 15/15 MP: 5/8
   551 | D:1      | Reached skill level 5 in Conjurations
   852 | D:1      | Found Ystij's Book Shop.
  1098 | D:2      | Reached XP level 3. HP: 19/19 MP: 7/10
  1109 | D:2      | Learned a level 2 spell: Searing Ray
  3217 | D:3      | Reached XP level 4. HP: 24/24 MP: 10/12
  3281 | D:3      | Reached skill level 6 in Conjurations
  3284 | D:3      | Reached XP level 5. HP: 5/28 MP: 3/14
  3389 | D:3      | Reached skill level 5 in Spellcasting
  3472 | D:3      | Found a stormy altar of Qazlal.
  3610 | D:3      | Reached skill level 7 in Conjurations
  3610 | D:3      | Reached XP level 6. HP: 24/32 MP: 13/16
  4367 | D:4      | Found Duec's Magic Scroll Emporium.
  4400 | D:4      | Reached skill level 8 in Conjurations
  4400 | D:4      | Reached XP level 7. HP: 36/36 MP: 12/18
  5316 | D:5      | Entered Level 5 of the Dungeon
  5648 | D:5      | Found a staircase to the Ecumenical Temple.
  5692 | D:5      | Reached skill level 9 in Conjurations
  5708 | Temple   | Entered the Ecumenical Temple
  5708 | Temple   | Found a transporter.
  5708 | Temple   | Found a transporter.
  5711 | Temple   | Found a transporter.
  5711 | Temple   | Found a transporter.
  5728 | Temple   | Became a worshipper of Gozag Ym Sagoz the Greedy
  6163 | D:5      | Reached XP level 8. HP: 41/41 MP: 14/21
  6428 | D:6      | Found a transporter.
  6538 | D:6      | Reached skill level 10 in Conjurations
  6876 | D:6      | Found a broken altar of Ashenzari.
  7086 | D:6      | Identified the +4 ring mail of the Doldrums {Dex+3}
  7086 | D:6      | Identified the amulet "Soivext" {Acrobat rC+ Str+3}
  7099 | D:6      | Found a transporter.
  7552 | D:7      | Noticed Duvessa
  7552 | D:7      | Noticed Dowan
  7584 | D:7      | Found a basalt altar of Yredelemnul.
  7584 | D:7      | Noticed Pikel
  7598 | D:7      | Killed Pikel
  7599 | D:7      | Reached skill level 11 in Conjurations
  7599 | D:7      | Reached XP level 9. HP: 21/45 MP: 12/24
  7732 | D:7      | Killed Duvessa
  7739 | D:7      | Killed Dowan
  8063 | D:7      | Reached skill level 12 in Conjurations
  8105 | D:7      | Noticed Joseph
  8149 | D:8      | Learned a level 4 spell: Fulminant Prism
  8154 | D:8      | Learned a level 4 spell: Iskenderun's Mystic Blast
  8158 | D:8      | Learned a level 3 spell: Dazzling Flash
  8162 | D:8      | Learned a level 3 spell: Swiftness
  8183 | D:7      | Killed Joseph
  8184 | D:7      | Reached skill level 10 in Spellcasting
  8450 | D:7      | Noticed Prince Ribbit
  8460 | D:7      | Killed Prince Ribbit
  8563 | D:7      | Found a runed translucent gate.
  8563 | D:7      | Found a runed translucent gate.
  8563 | D:7      | Found a runed translucent gate.
  8566 | D:7      | Noticed riellis1's ghost (novice FoHu)
  9100 | D:8      | Learned a level 2 spell: Passwall
  9250 | D:8      | Reached skill level 13 in Conjurations
  9750 | D:1      | Bought Maxwell's Memoranda for 418 gold pieces
  9756 | D:1      | Learned a level 5 spell: Arcjolt
  9956 | D:8      | Reached skill level 1 in Hexes
 10047 | D:8      | Reached skill level 1 in Air Magic
 10047 | D:8      | Reached XP level 10. HP: 30/50 MP: 26/27
 11280 | D:9      | Found a flagged portal.
 11336 | Bailey   | Entered a bailey
 11596 | Bailey   | Reached skill level 5 in Hexes
 11599 | Bailey   | Mangled by an orc warrior

Illustrated notes

Levels and vault maps discovered:
D:1:      dpeg_arrival_connections, layout_rooms, serial_shops, shop, shop,
          roderic_serpentine_path, minmay_statues_item, minmay_hexomino_u4
D:2:      layout_basic, serial_forest, infiniplex_forest_clump_tiny,
          infiniplex_forest_straight_2, infiniplex_forest_3_way,
          infiniplex_forest_end_2, infiniplex_forest_lined_corner,
          infiniplex_forest_clump_cross
D:3:      layout_rooms, mainiacjoe_overflow_cross_hatched,
          dreamdust_mushroom_princess, nrook_campfire
D:4:      layout_loops_cross, st_stairs_7, nicolae_stop_n_shop_2,
          chequers_decorated_corner, minmay_between
D:5:      layout_gridville, minmay_temple_entry_trees, kennysheep_generic_room_5
D:6:      layout_gridville, cheibrodos_ashenzari_chains,
          gammafunk_ghost_gnarly_gnolls, nicolae_figureground_pulse
D:7:      layout_basic, mainiacjoe_overflow_alcove_4,
          gammafunk_ghost_necromancy, uniq_prince_ribbit1, uniq_pikel,
          uniq_duvessa, uniq_joseph
D:8:      layout_loops_corners, minmay_misc_feat_square, grunt_ministairs_14
D:9:      minmay_the_grid_triangle_9x9_recursive_2
          [minmay_the_grid_triangle_9x9_prize_insulated,
          minmay_the_grid_triangle_9x9_negative_grid,
          minmay_the_grid_triangle_9x9_sprig,
          minmay_the_grid_triangle_9x9_wacky_v], layout_loops_corners,
          enter_bailey_5, kennysheep_kite_vault, uniq_maurice
Temple:   hellmonk_temple_divided_pantheon
Bailey:   bailey_axe_4, bailey

Skill      XL: |  1  2  3  4  5  6  7  8  9 10 |
---------------+-------------------------------+-----
Conjurations   | 5 6 7 8 9 11 13 | 13.3
Spellcasting   | 4 5 6 7 9 11 | 11.1
Hexes          | 1 5 |  5.0
Air Magic      | 1 3 |  3.7
Dodging        | |  2.4
Stealth        | |  2.4

Action                     |  1- 3 |  4- 6 |  7- 9 | 10-12 || total
---------------------------+-------+-------+-------+-------++-------
  Melee: Staff             |   451 |     1 |     1 |       ||   453
         Punch             |     6 |       |       |       ||     6
         Spear             |       |       |     2 |     6 ||     8
   Cast: Magic Dart        |    76 |    35 |   103 |    34 ||   248
         Searing Ray       |     1 |    14 |    64 |    26 ||   105
         Fulminant Prism   |       |       |     6 |     1 ||     7
         Dazzling Flash    |       |       |     2 |       ||     2
         Arcjolt           |       |       |       |     3 ||     3
    Use: Potion            |     5 |       |     3 |     2 ||    10
         Scroll            |     4 |       |     4 |     2 ||    10
   Stab: Sleeping          |       |       |     1 |     1 ||     2
 Armour: Robe              |     4 |     5 |    26 |    25 ||    60
  Dodge: Dodged            |     7 |     8 |    64 |    60 ||   139
